AoeStats
← Kane19

Arabia

514277359Analyzed
1v1 RM · 19h ago on Oct 17, 2026· 41m 47s· 2 players
Game mode
Random Map
Map size
Tiny (2 player)
Population
200
Speed
Normal
Resources
Standard
Victory
Conquest
Starting age
Dark Age
Ending age
Imperial Age
RankedLock teamsTeams togetherTeam positionsShared explorationLock speedFull tech treeHidden civsTurbo modeCheats
Victory
Defeat
🇨🇳 Magyars · China
1255
+16
vs
🇬🇷 Huns · Greece
1261
-16
Kane19
6:17 Loom
8:56 Feudal Age
9:34 Double-Bit Axe
13:50 Horse Collar
16:51 Scale Barding Armor
18:33 Bloodlines
21:31 Wheelbarrow
26:20 Castle Age
24:37 Gold Mining
26:29 Light Cavalry
27:31 Chain Barding Armor
27:24 Husbandry
31:44 Bow Saw
33:16 Heavy Plow
39:12 Imperial Age
37:11 Stone Mining
37:43 Masonry
39:07 Town Watch
39:20 Hussar
41:38 Plate Barding Armor
41:45 Crop Rotation
42:01 Hand Cart
eki13ut99
7:48 Loom
10:38 Feudal Age
11:17 Double-Bit Axe
11:23 Horse Collar
11:11 Man-at-Arms
11:58 Town Watch
13:36 Fletching
14:59 Padded Archer Armor
25:58 Castle Age
24:43 Gold Mining
25:51 Wheelbarrow
26:10 Bloodlines
26:02 Crossbowman
26:39 Bodkin Arrow
27:52 Leather Archer Armor
28:33 Bow Saw
29:57 Bloodlines
30:07 Pikeman
31:29 Scale Mail Armor
34:28 Husbandry
34:39 Heavy Plow
36:24 Thumb Ring
37:50 Ballistics
39:07 Stone Mining
Connection lost

Rejoining the realm…

Still unreachable

The connection could not be restored.

Session expired

The server has moved on; the page needs a fresh start.